 Dungeon Crawl Stone Soup version 0.24-a0-250-g6074511 (webtiles) character file.

Game seed: 11689095803426886162

40 Hasart the Sneak (level 3, 0/22 HPs)
             Began as a Kobold Assassin on Apr 14, 2019.
             Slain by a scorpion (7 damage)
             ... on level 2 of the Dungeon.
             The game lasted 00:02:05 (1406 turns).

Hasart the Sneak (Kobold Assassin)                  Turns: 1406, Time: 00:02:06

Health: 0/22       AC:  3    Str:  9    XL:     3   Next: 72%
Magic:  3/3        EV: 18    Int: 12    God:
Gold:   57         SH:  0    Dex: 16    Spells: 2/2 levels left

rFire    . . .     SeeInvis .   a - +2 dagger
rCold    . . .     Gourm    .   (shield restricted)
rNeg     . . .     Faith    .   c - +0 robe
rPois    .         Spirit   .   (no helmet)
rElec    .         Reflect  .   o - +0 cloak
rCorr    .         Harm     .   (no gloves)
MR       .....                  (no boots)
Stlth    +++.......             (no amulet)
HPRegen  0.07/turn              k - +3 ring of evasion
MPRegen  0.08/turn              (no ring)

@: lethally poisoned (0 -> -13)
A: small, carnivore
a: no special abilities


You were on level 2 of the Dungeon.
You were completely stuffed.

You visited 1 branch of the dungeon, and saw 2 of its levels.

You collected 57 gold pieces.

Inventory:

Hand Weapons
 a - a +2 dagger (weapon)
 b - a +0 blowgun
Missiles
 e - 8 poisoned needles
 f - 2 curare-tipped needles
Armour
 c - a +0 robe (worn)
 o - a +0 cloak (worn)
Jewellery
 k - a +3 ring of evasion (left hand)
Scrolls
 i - a scroll of identify {unknown}
 p - 2 scrolls of magic mapping {unknown}
Potions
 d - a potion of lignification {unknown}
 h - a potion of curing {unknown}
 j - a potion of berserk rage {unknown}
 l - a potion of haste {unknown}
 m - a potion of brilliance {unknown}
 n - a potion of heal wounds {unknown}
Comestibles
 g - a ration


   Skills:
 + Level 2.6 Fighting
 * Level 3.6 Short Blades
 - Level 2.1 Throwing
 + Level 0.7 Armour
 + Level 1.9 Dodging
 + Level 5.6 Stealth


You had 2 spell levels left.
You didn't know any spells.
Your spell library was empty.

Dungeon Overview and Level Annotations

Branches:
Dungeon (2/15)

Altars:


Innate Abilities, Weirdness & Mutations

You are small and have problems with some larger weapons.
You are carnivorous and can eat meat at any time.


Message History

You barely miss the scorpion.
You feel sick. The scorpion misses you.
You hit the scorpion but do no damage.
You feel sick. The scorpion barely misses you.
You are too injured to fight recklessly!
You are too injured to fight recklessly!
You are too injured to fight recklessly!
You are too injured to fight recklessly!
You hit the scorpion.
The scorpion is lightly wounded.
You feel sick.
You hit the scorpion but do no damage.
The scorpion is lightly wounded.
You feel sick. The scorpion barely misses you.
You hit the scorpion but do no damage.
The scorpion is lightly wounded.
You feel sick. The scorpion misses you.
You completely miss the scorpion.
The scorpion is lightly wounded.
You feel sick. The scorpion stings you!
You die...

...##....###########
...##..............#
...................#
.###...............# #
...............†...##.#
.......#..............#
##.........)..........##
#..........#####.......#
#..........# #@......#
#..........# #s...$..#
#..#.####### +......##
#.##.# #......# #.##.#
######## #.##.# #.##.#
#....# ######


You could see a scorpion.

Vanquished Creatures
  2 dart slugs (D:2)
  A giant cockroach (D:1)
  4 goblins
  A hobgoblin (D:2)
  2 jackals (D:2)
  6 bats (D:1)
  2 frilled lizards
  10 kobolds
  8 rats
36 creatures vanquished.

Notes
Turn   | Place    | Note
-------+----------+-------------------------------------------
     0 | D:1      | Hasart the Kobold Assassin began the quest for the Orb.
     0 | D:1      | Reached XP level 1. HP: 12/12 MP: 1/1
   185 | D:1      | Reached XP level 2. HP: 14/17 MP: 2/2
   747 | D:1      | Reached XP level 3. HP: 22/22 MP: 3/3
  1392 | D:2      | Noticed a scorpion
  1406 | D:2      | Slain by a scorpion

Levels and vault maps discovered:
D:1:      onia_arrival_pyramid, layout_basic
D:2:      minmay_kobold_bridge, layout_basic

Skill      XL: |  1 |
---------------+----+-----
Short Blades   | 3 |  3.6
Fighting       | |  2.6
Throwing       | |  2.1
Armour         | |  0.7
Dodging        | |  1.9
Stealth        | |  5.6

Action                   || total
-------------------------++-------
Melee: Dagger            ||   133
 Stab: Sleeping          ||     7
  Eat: Chunk             ||    10
Armor: Robe              ||    27
Dodge: Dodged            ||   129

Table legend:
 A = Non-vault XP
 B = Vault XP
 C = Vault XP percentage of total XP
 D = Non-vault monster count
 E = Vault monster count
 F = Vault count percentage of total count
                 A         B        C        D         E       F
            +---------+---------+-------+---------+---------+-------
      Total |      51 |       7 |  12.1 |      32 |       4 |  11.1
            +---------+---------+-------+---------+---------+-------
        D:1 |      30 |       0 |   0.0 |      21 |       0 |   0.0
        D:2 |      21 |       7 |  25.0 |      11 |       4 |  26.7
            +---------+---------+-------+---------+---------+-------
